 Dungeon Crawl Stone Soup version 0.28-a0-664-gc179e30c89 (webtiles) character file.

Game seed: 6518453869861953858

39 cheechan the Skirmisher (level 3, -1/39 HPs)
             Began as an Octopode Berserker on Oct 15, 2021.
             Was a Follower of Trog.
             Slain by a lemure (4 damage)
             ... led by Pikel
             ... on level 4 of the Dungeon.
             The game lasted 00:05:47 (1738 turns).

cheechan the Skirmisher (Octopode Berserker)        Turns: 1738, Time: 00:05:48

Health: -1/39      AC:  1    Str: 16    XL:     3   Next: 45%
Magic:  3/3        EV: 13    Int:  9    God:    Trog [*.....]
Gold:   44         SH:  0    Dex: 12    Spells: 2/2 levels left

rFire   . . .      SeeInvis .   a - +0 mace
rCold   . . .      Faith    .   (no shield)
rNeg    . . .      Spirit   .   (helmet restricted)
rPois   .          Reflect  .   (no amulet)
rElec   .          Harm     .   (no ring)
rCorr   .          Rampage  .   (no ring)
Will    .....                   (no ring)
Stlth   ..........              (no ring)
HPRegen 0.13/turn               (no ring)
MPRegen 0.08/turn               (no ring)
                                (no ring)
                                (no ring)

@: berserking (expiring), very quick
A: almost no armour, amphibious, 8 rings, camouflage 1, gelatinous body 1,
(nimble swimmer 1), tentacles
a: Renounce Religion, Berserk


You were on level 4 of the Dungeon.
You worshipped Trog.
Trog was aware of your devotion.
You visited 1 branch of the dungeon, and saw 4 of its levels.

You collected 44 gold pieces.

Inventory:

Hand Weapons
 a - a +0 mace (weapon)
Missiles
 b - 10 sling bullets
Scrolls
 c - 2 scrolls of enchant armour {unknown}


   Skills:
 + Level 3.5 Fighting
 + Level 3.5 Maces & Flails
 + Level 3.3 Dodging
 + Level 1.1 Stealth


You had 2 spell levels left.
You didn't know any spells.
Your spell library was empty.

Dungeon Overview and Level Annotations

Branches:
Dungeon (4/15)
 Temple: D:4-7

Altars:

Annotations:
D:2 Sigmund
D:4 Pikel


Innate Abilities, Weirdness & Mutations

You cannot wear most types of armour.
You are amphibious.
You can wear up to eight rings at the same time.
Your skin changes colour to match your surroundings (Stealth+).
Your rubbery body absorbs attacks. (AC +1, EV +1)
((You are camouflaged near water. (Stealth+)))
You have tentacles for arms and can constrict up to eight enemies at once.


Message History

The lemure shouts!
The giant cockroach closely misses you.
You sock the giant cockroach!
You feel the power of Trog in you as your rage grows.
You kill the giant cockroach!
Trog accepts your kill. 2 lemures and Pikel come into view.
Pikel is wielding a +0 whip of freezing.
Pikel shouts!
The lemure shouts! x2
You see here a dart slug corpse.
You completely miss the lemure. You grab the lemure.
You constrict the lemure, but do no damage.
The lemure completely misses you.
You hit the lemure.
The lemure is moderately wounded.
You constrict the lemure, but do no damage.
You sock the lemure!
The lemure is heavily wounded.
You constrict the lemure, but do no damage.
The lemure barely misses you.
You barely miss the lemure.
The lemure is heavily wounded.
You constrict the lemure, but do no damage.
The lemure misses you.
You hit the lemure.
The lemure is almost dead.
You constrict the lemure. The lemure hits you.
You completely miss the lemure.
The lemure is almost dead.
You constrict the lemure. The lemure misses you.
You thump the lemure!
You kill the lemure!
That felt strangely unrewarding.
The lemure misses you. The lemure closely misses you.
The lemure barely misses you.
You barely miss the lemure. Your grab misses the lemure. The lemure hits you!
* * * LOW HITPOINT WARNING * * *
The lemure hits you.
* * * LOW HITPOINT WARNING * * *
The lemure hits you.
You die...

#########
#.......#
#.......#
#.......#
#.<.....#
#.......#
#######.......#
.....K5@(.....#
......5.5)....#
..............#
..............#
.!............#
..............#
..............#
..............#


You could see Pikel and 3 lemures.

Vanquished Creatures
  A lemure (D:4)
  3 dart slugs
  3 bats
  3 giant cockroaches
  2 hobgoblins
  4 jackals (D:1)
  A quokka (D:1)
  2 ball pythons (D:1)
  2 frilled lizards
  2 goblins (D:1)
  11 rats (D:1)
34 creatures vanquished.

Notes
Turn   | Place    | Note
-------+----------+-------------------------------------------
     0 | D:1      | cheechan the Octopode Berserker began the quest for the
                  | Orb.
     0 | D:1      | Reached XP level 1. HP: 16/16 MP: 1/1
   153 | D:1      | Reached XP level 2. HP: 18/21 MP: 2/2
   888 | D:1      | Reached XP level 3. HP: 23/26 MP: 3/3
  1484 | D:2      | Noticed Sigmund
  1532 | D:3      | HP: 1/26 [kobold (4)]
  1722 | D:4      | Noticed a lemure
  1722 | D:4      | Noticed a lemure
  1724 | D:4      | Reached skill level 1 in Stealth
  1730 | D:4      | Noticed Pikel
  1730 | D:4      | Noticed a lemure
  1730 | D:4      | Noticed a lemure
  1737 | D:4      | Killed a lemure
  1738 | D:4      | Slain by a lemure

Illustrated notes

Levels and vault maps discovered:
D:1:      minmay_arrival_shoal_huts, layout_basic, minmay_rat_gold_closets
D:2:      layout_loops_ring, minmay_misc_feat_more_columns, minmay_bisected,
          uniq_sigmund
D:3:      layout_rooms, minitemple, shapermc_ecumenical_altar_mp_highgroup,
          uniq_grinder
D:4:      layout_gridville, tso_altar, lemuel_temple_firewalk_b, serial_shops,
          shop, uniq_pikel

Skill      XL: |  1  2  3 |
---------------+----------+-----
Stealth        | 1 |  1.1
Fighting       | |  3.5
Maces & Flails | |  3.5
Dodging        | |  3.3

Action                   || total
-------------------------++-------
Melee: Mace              ||    62
       Constrict         ||    15
       Tentacles         ||     7
Invok: Berserk           ||     2
 Stab: Sleeping          ||     6
Armor: Skin              ||     8
Dodge: Dodged            ||    62

Table legend: (Time is in decaauts)
 A = Elapsed time spent in this place.
 B = Non-inter-level travel time spent in this place.
 C = Inter-level travel time spent in this place.
 D = Time resting spent in this place.
 E = Time spent auto-exploring this place.
 F = Levels seen in this place.
 G = Mean time per level.
                   A        B        C        D        E       F      G
               +--------+--------+--------+--------+--------+-----+--------+
         Total |   1759 |   1759 |      0 |    585 |      0 |   4 |  439.8 |
       Dungeon |   1759 |   1759 |      0 |    585 |      0 |   4 |  439.8 |
               +--------+--------+--------+--------+--------+-----+--------+

Top non-repeatable levels by time:
     D:1: 1429 daAuts
     D:4: 179 daAuts
     D:2: 88 daAuts
     D:3: 62 daAuts
